 Dungeon Crawl Stone Soup version 0.31.0-32-g396128a36d (webtiles) character file.

Game seed: 15949337908370128595

4652 TacoSundae the Slicer (level 10, -8/46 HPs)
             Began as a Spriggan Brigand on Apr 7, 2024.
             Was a Follower of Dithmenos.
             Mangled by a two-headed ogre
             ... wielding a +0 giant club
              (17 damage)
             ... on level 9 of the Dungeon.
             The game lasted 00:42:59 (8111 turns).

TacoSundae the Slicer (Spriggan Brigand)            Turns: 8111, Time: 00:43:00

Health: -8/46      AC: 15    Str: 15    XL:     10   Next: 20%
Magic:  16/18      EV: 24    Int: 13    God:    Dithmenos [*.....]
Gold:   307        SH:  5    Dex: 19    Spells: 16/19 levels left

rFire   . . .        a - +2 short sword (protect)
rCold   . . .        (no shield)
rNeg    . . .        C - +0 steam dragon scales
rPois   +            (helmet restricted)
rElec   .            y - +2 cloak {Will+}
rCorr   .            (gloves unavailable)
SInv    +            (boots unavailable)
Will    ++...        k - amulet of reflection
Stlth   +++++        q - +6 ring of strength
HPRegen 0.27/turn    r - ring of poison resistance
MPRegen 0.16/turn

%: reflection
@: under a protective aura, wreathed by umbra, very quick
A: very small, no large weapons, unfitting armour, see invisible, speed 3
a: Renounce Religion


You were on level 9 of the Dungeon.
You worshipped Dithmenos.
Dithmenos was aware of your devotion.
You visited 2 branches of the dungeon, and saw 11 of its levels.

You collected 501 gold pieces.
You spent 194 gold pieces at shops.

Inventory:

Hand Weapons
 a - a +2 short sword of protection (weapon)
 b - a +0 dagger of venom
 t - a +0 vampiric short sword
 z - a +3 dagger
 E - a +2 short sword
Missiles
 d - 14 poisoned darts (quivered)
 e - 3 curare-tipped darts
 u - a boomerang
Armour
 y - a +2 cloak of willpower (worn)
 C - +0 steam dragon scales (worn)
 D - a +2 buckler
Jewellery
 k - an amulet of reflection (around neck)
 n - a ring of ice
 q - a +6 ring of strength (left hand)
 r - a ring of poison resistance (right hand)
 w - a ring of resist corrosion
 A - an amulet of guardian spirit
Talismans
 i - a serpent talisman
Wands
 s - a wand of charming (23)
 x - a wand of flame (31)
Scrolls
 f - 3 scrolls of amnesia
 g - a scroll of immolation
 h - 3 scrolls of revelation
 l - 4 scrolls of teleportation
 p - 2 scrolls of poison
 H - a scroll of identify
Potions
 c - a potion of magic
 j - 5 potions of brilliance
 m - 2 potions of ambrosia
 o - a potion of resistance
 v - 2 potions of might
 B - a potion of attraction
 F - a potion of heal wounds
 G - a potion of curing


   Skills:
 - Level 1.5 Fighting
 + Level 10.1 Short Blades
 - Level 2.0 Throwing
 + Level 9.8 Dodging
 + Level 9.4 Stealth
 - Level 5.0 Spellcasting
 + Level 8.2 Hexes


You had 16 spell levels left.
You knew the following spells:

 Your Spells              Type           Power      Damage    Failure   Level
a - Confusing Touch       Hex            24%        N/A       1%          3

Your spell library contained the following spells:

 Spells                   Type           Power      Damage    Failure   Level
 Slow                     Hex            96%        N/A       1%          1
 Sigil of Binding         Hex            24%        N/A       1%          3
 Freeze                   Ice            12%        1d3       19%         1
 Mercury Vapours          Alch/Air       6%         N/A       28%         2
 Frozen Ramparts          Ice            6%         1d1       50%         3
 Hailstorm                Conj/Ice       3%         3d5       50%         3
 Mephitic Cloud           Conj/Alch/Air  3%         N/A       50%         3
 Ozocubu's Armour         Ice            3%         N/A       50%         3
 Vampiric Draining        Necr           3%         2d6       50%         3
 Metabolic Englaciation   Hex/Ice        7%         N/A       67%         5
 Freezing Cloud           Conj/Ice/Air   1%         6-21      99%         5
 Sculpt Simulacrum        Ice/Alch       1%         N/A       100%        6


Dungeon Overview and Level Annotations

Branches:
Dungeon (10/15)            Temple (1/1) D:7            Lair (0/5) D:8
    Orc: D:9-12

Altars:
Ashenzari
Cheibriados
Dithmenos
Elyvilon
Fedhas
Gozag
Kikubaaqudgha
Makhleb
Nemelex Xobeh
Qazlal
Ru
Trog
Uskayaw
Wu Jian
Xom
Yredelemnul
Zin
The Shining One

Shops:
D:8 ?!

Annotations:
D:6 3 runed translucent doors, BadBounce's ghost, amateur OpSh; mainiacjoe's ghost, novice OpCj; mainiacjoe's ghost, novice OpFE; monsoonserge's ghost, novice GnSh; zoopyjoobles's ghost, novice HOHu
D:7 3 runed translucent doors


Innate Abilities, Weirdness & Mutations

You are very small and have problems with some larger weapons.
You are too small for most types of armour.
You have supernaturally acute eyesight. (SInv)
You cover ground extremely quickly. (Speed+++)


Message History

You hit the two-headed ogre but do no damage.
The two-headed ogre misses you.
The two-headed ogre hits you with a +0 giant club!!
You hit the two-headed ogre but do no damage.
You hit the two-headed ogre but do no damage.
You punch the two-headed ogre, but do no damage.
You hit the two-headed ogre but do no damage.
The two-headed ogre appears confused.
You hit the two-headed ogre.
Your weapon exudes an aura of protection.
The two-headed ogre is lightly wounded.
The two-headed ogre misses you. The two-headed ogre barely misses you.
You hit the two-headed ogre but do no damage.
The two-headed ogre is lightly wounded.
You hit the two-headed ogre.
The two-headed ogre is lightly wounded.
You hit the two-headed ogre.
The two-headed ogre is moderately wounded.
The two-headed ogre completely misses you.
The two-headed ogre misses you.
You hit the two-headed ogre but do no damage.
The two-headed ogre is moderately wounded.
You strike the helpless two-headed ogre from behind!
You impale the two-headed ogre!!
The two-headed ogre is severely wounded.
You hit the two-headed ogre.
The two-headed ogre is almost dead.
The two-headed ogre hits you with a +0 giant club!!
* * * LOW HITPOINT WARNING * * *
The two-headed ogre misses you.
You are too injured to fight recklessly!
You hit the two-headed ogre but do no damage.
The two-headed ogre is almost dead.
You hit the two-headed ogre but do no damage.
The two-headed ogre is almost dead.
You hit the two-headed ogre but do no damage.
The two-headed ogre is almost dead.
The two-headed ogre closely misses you.
The two-headed ogre hits you with a +0 giant club!
You die...

#.##### #.....#
#.....# #.....#
. #.....#..
.######>.......
...............
...............
.......@....###
......#O....#
......#.....#
......#.....#
......#.....#
..... #.....#
.... #......
#.......


You could see a two-headed ogre (confused).

Vanquished Creatures
  A troll (D:10)
  A yak (D:8)
  2 wyverns
  5 steam dragons
  Edmund (D:5)
  3 water moccasins
  3 ice beasts
  2 orc warriors
  3 ogres
  A centaur (D:7)
  A kobold brigand (D:7)
  A gnoll sergeant (D:7)
  4 scorpions
  7 wights
  2 bombardier beetles (D:5)
  2 orc priests
  4 hounds
  Crazy Yiuf (D:6)
  2 jellies
  3 gnoll boudas
  2 sleepcaps
  6 iguanas
  10 orc wizards
  16 gnolls
  8 adders
  2 shadow imps
  A white imp (D:7)
  4 ufetubi
  3 dart slugs
  28 orcs
  3 ball pythons
  6 endoplasms
  2 giant cockroaches
  4 goblins
  3 hobgoblins
  A jackal (D:2)
  2 quokkas
  7 bats
  A frilled lizard (D:2)
  11 kobolds
  9 rats
178 creatures vanquished.

Vanquished Creatures (collateral kills)
  4 wights (D:5)
4 creatures vanquished.

Vanquished Creatures (others)
  An orc (D:9)
1 creature vanquished.

Grand Total: 183 creatures vanquished

Notes
Turn   | Place    | Note
-------+----------+-------------------------------------------
     0 | D:1      | TacoSundae the Spriggan Brigand began the quest for the
                  | Orb.
     0 | D:1      | Reached XP level 1. HP: 10/10 MP: 2/2
   293 | D:1      | Reached XP level 2. HP: 14/14 MP: 3/3
   676 | D:2      | Reached skill level 3 in Short Blades
   822 | D:2      | Reached XP level 3. HP: 18/18 MP: 4/4
  1809 | D:3      | Found a faded altar of an unknown god.
  1836 | D:3      | Reached XP level 4. HP: 17/22 MP: 5/5
  1857 | D:3      | Reached skill level 4 in Short Blades
  2265 | D:3      | Reached XP level 5. HP: 15/25 MP: 6/6
  2384 | D:3      | Learned a level 3 spell: Confusing Touch
  2747 | D:4      | Found a burning altar of Makhleb.
  2799 | D:4      | Reached skill level 1 in Hexes
  2872 | D:4      | Reached skill level 5 in Short Blades
  3294 | D:5      | Entered Level 5 of the Dungeon
  3299 | D:5      | Noticed an ogre
  3306 | D:5      | Killed an ogre
  3307 | D:5      | Reached XP level 6. HP: 30/30 MP: 7/7
  3550 | D:5      | Noticed Edmund
  3694 | D:5      | Killed Edmund
  3695 | D:5      | Reached skill level 6 in Short Blades
  3695 | D:5      | Reached skill level 5 in Dodging
  3695 | D:5      | Reached XP level 7. HP: 32/33 MP: 8/8
  3933 | D:5      | Reached skill level 7 in Short Blades
  4082 | D:5      | Reached skill level 1 in Spellcasting
  4082 | D:5      | Reached XP level 8. HP: 37/37 MP: 8/10
  4616 | D:6      | Reached skill level 8 in Short Blades
  4652 | D:6      | Found a runed translucent gate.
  4714 | D:6      | Reached skill level 5 in Hexes
  4786 | D:6      | Found a runed translucent gate.
  4788 | D:6      | Found a runed translucent gate.
  4789 | D:6      | Noticed BadBounce's ghost (amateur OpSh)
  4790 | D:6      | Noticed zoopyjoobles's ghost (novice HOHu)
  4816 | D:6      | Noticed mainiacjoe's ghost (novice OpCj)
  4816 | D:6      | Noticed mainiacjoe's ghost (novice OpFE)
  4817 | D:6      | Noticed monsoonserge's ghost (novice GnSh)
  4858 | D:6      | Found a sacrificial altar of Ru.
  4866 | D:6      | Found a snail-covered altar of Cheibriados.
  5589 | D:6      | Found a runed translucent door.
  5590 | D:6      | Noticed Crazy Yiuf
  5615 | D:6      | Killed Crazy Yiuf
  5897 | D:7      | Found a staircase to the Ecumenical Temple.
  5903 | Temple   | Entered the Ecumenical Temple
  5916 | Temple   | Became a worshipper of Dithmenos the Shadowed
  5993 | D:7      | Reached XP level 9. HP: 41/41 MP: 9/16
  6447 | D:7      | Reached skill level 9 in Short Blades
  6482 | D:7      | Reached skill level 5 in Spellcasting
  6654 | D:7      | Found an opulent altar of Gozag.
  6741 | D:7      | Reached * piety under Dithmenos
  7033 | D:7      | Found a runed translucent door.
  7033 | D:7      | Noticed a skeletal warrior
  7034 | D:7      | Found a runed translucent door.
  7035 | D:7      | Found a runed translucent door.
  7558 | D:8      | Found Ingisag's Magic Scroll Shoppe.
  7565 | D:8      | Bought a scroll of identify for 22 gold pieces
  7565 | D:8      | Bought a scroll of identify for 22 gold pieces
  7565 | D:8      | Bought a scroll of identify for 22 gold pieces
  7608 | D:8      | Found Vosoirgh's Distillery.
  7616 | D:8      | Bought a potion of heal wounds for 80 gold pieces
  7616 | D:8      | Bought a potion of curing for 48 gold pieces
  7646 | D:8      | Reached XP level 10. HP: 46/46 MP: 14/18
  7742 | D:8      | Found a staircase to the Lair.
  7892 | D:8      | You fall into a shaft and drop 2 floors!
  7892 | D:10     | Entered Level 10 of the Dungeon
  7978 | D:10     | Reached skill level 10 in Short Blades
  8041 | D:10     | Found an ancient bone altar of Kikubaaqudgha.
  8091 | D:9      | Noticed a two-headed ogre
  8111 | D:9      | Mangled by a two-headed ogre

Illustrated notes

Levels and vault maps discovered:
D:1:      erik_arrival_triangle_small, layout_basic
D:2:      layout_loops_corners, chequers_serial_rivers_micro_d, st_stairs_8,
          minmay_misc_feat_cross, chequers_hall_statues_y, minmay_pentomino_pile
D:3:      layout_loops_ring, hellmonk_ecumenical_altar_heavens_door
D:4:      layout_basic, old_standard_altar
D:5:      layout_cave_pools, kennysheep_generic_room_12, uniq_edmund
D:6:      layout_rooms, minitemple, gammafunk_ghost_cemetery,
          uniq_crazy_yiuf_cottage
D:7:      minmay_the_grid_triangle_9x9_rhombus_full
          [minmay_the_grid_triangle_9x9_skeleton,
          minmay_the_grid_triangle_9x9_steps,
          minmay_the_grid_triangle_9x9_flanged_cone,
          minmay_the_grid_triangle_9x9_cache,
          minmay_the_grid_triangle_9x9_fully_insulated_deathbox,
          minmay_the_grid_triangle_9x9_tough_junction,
          minmay_the_grid_triangle_9x9_swiss_cheese,
          minmay_the_grid_triangle_9x9_prize_top_heavy], layout_basic,
          grunt_gozag_breadcrumbs, minmay_temple_entry_enclosed_plants
D:8:      layout_basic, mainiacjoe_overflow_two_lobes, minmay_lair_entry_grove,
          serial_shops, nicolae_shop_industrial_runoff, shop
D:9:      layout_grid_maze, fiery_altar_vehumet
D:10:     layout_long_grid, kennysheep_mini, nicolae_hepliaklqana_hippocampus
Temple:   hellmonk_temple_forest_ring

Skill      XL: |  1  2  3  4  5  6  7  8  9 10 |
---------------+-------------------------------+-----
Stealth        | 6 7 8 9 |  9.4
Dodging        | 2 3 4 5 6 7 9 |  9.8
Short Blades   | 3 4 5 6 7 8 9 10 | 10.1
Hexes          | 2 3 4 6 7 8 |  8.2
Spellcasting   | 1 4 5 |  5.0
Fighting       | |  1.5
Throwing       | |  2.0

Action                     |  1- 3 |  4- 6 |  7- 9 | 10-12 || total
---------------------------+-------+-------+-------+-------++-------
  Melee: Dagger            |    81 |   124 |   389 |     5 ||   599
         Punch             |       |     2 |     7 |     3 ||    12
         Short sword       |       |       |   102 |    92 ||   194
  Throw: Dart              |    11 |    34 |    20 |       ||    65
         Boomerang         |       |       |     6 |       ||     6
   Cast: Confusing Touch   |       |       |    24 |     4 ||    28
  Evoke: Wand              |       |       |     8 |       ||     8
    Use: Scroll            |       |     9 |     6 |       ||    15
   Stab: Sleeping          |    13 |     6 |    15 |     2 ||    36
         Distracted        |     1 |     1 |     2 |       ||     4
         Confused          |       |       |    23 |     5 ||    28
 Armour: Robe              |    14 |    19 |    50 |       ||    83
         Steam dragon scal |       |       |    19 |     7 ||    26
  Dodge: Dodged            |    32 |    58 |   201 |    52 ||   343
  Block: Other             |     5 |     9 |    45 |     4 ||    63
         Reflection        |       |     1 |     3 |       ||     4
